 Dungeon Crawl Stone Soup version 0.32-a0-17-gb74e046682 (webtiles) character file.

Game seed: 10155170295017740217

86 greenreed the Trooper (level 4, 0/50 HPs)
             Began as an Oni Monk on Jan 15, 2024.
             Slain by a gnoll
             ... wielding a +0 spear
              (8 damage)
             ... on level 2 of the Dungeon.
             The game lasted 00:02:54 (1313 turns).

greenreed the Trooper (Oni Monk)                    Turns: 1313, Time: 00:02:55

Health: 0/50       AC:  3    Str: 17    XL:     4   Next: 50%
Magic:  4/4        EV: 10    Int: 11    God:
Gold:   105        SH:  0    Dex: 11    Spells: 3/3 levels left

rFire   . . .        g - +0 whip (flame)
rCold   . . .        d - orb {light}
rNeg    . . .        b - +0 robe
rPois   .            (helmet restricted)
rElec   .            (no cloak)
rCorr   .            (gloves unavailable)
SInv    .            (boots unavailable)
Will    .....        (no amulet)
Stlth   +            (no ring)
HPRegen 0.28/turn    (no ring)
MPRegen 0.09/turn

%: no passive effects
@: glowing
A: large, unfitting armour, horns 1, tough skin 1, double potion healing,
drunken brawling
a: no special abilities


You were on level 2 of the Dungeon.
You visited 1 branch of the dungeon, and saw 2 of its levels.

You collected 105 gold pieces.

Inventory:

Hand Weapons
 g - a +0 whip of flaming (weapon)
Armour
 b - a +0 robe (worn)
 d - an orb of light (worn)
 h - a +0 tower shield
Scrolls
 a - a scroll of identify {unknown}
 f - 2 scrolls of teleportation {unknown}
 j - a scroll of enchant weapon {unknown}
 m - a scroll of revelation {unknown}
Potions
 c - a potion of ambrosia
 e - a potion of magic {unknown}
 i - 3 potions of curing {unknown}
 k - a potion of cancellation {unknown}
 l - a potion of lignification {unknown}


   Skills:
 * Level 5.2 Fighting
 * Level 4.0 Maces & Flails
 + Level 3.2 Dodging


You had 3 spell levels left.
You didn't know any spells.
Your spell library contained the following spells:

 Spells                   Type           Power      Damage    Failure   Level
 Sandblast                Erth           0%         2d4       34%         1
 Passwall                 Erth           0%         N/A       71%         3
 Stone Arrow              Conj/Erth      0%         3d7       71%         3
 Brom's Barrelling Bould  Conj/Erth      0%         2d3       98%         4


Dungeon Overview and Level Annotations

Branches:
Dungeon (2/15)

Altars:

Shops:
D:1 [


Innate Abilities, Weirdness & Mutations

You are too large for most types of armour.
You have a pair of small horns on your head.
You have tough skin. (AC +1)
You gain doubled healing and magic from potions.
Whenever you drink a healing potion, you attack all around you.


Message History

A gnoll comes into view. It is wielding a +0 spear.
You hit the kobold. You burn the kobold.
You kill the kobold!
The gnoll hits you from afar with a +0 halberd.
A gnoll comes into view. It is wielding a +0 whip.
The gnoll hits you with a +0 halberd! The gnoll closely misses you.
Things that are here:
a +0 club; a kobold corpse You hit the gnoll but do no damage.
Your headbutt misses the gnoll. You hit the gnoll but do no damage.
The gnoll hits you with a +0 halberd. The gnoll hits you but does no damage.
The gnoll misses you.
A gnoll comes into view. It is wielding a +0 club.
You see here a throwing net.
The gnoll throws a throwing net.
The throwing net hits you.
You become entangled in the net!
You see here a throwing net.
You tear a large gash into the net.
You shred the net and break free! The gnoll attacks as it pursues you!
The gnoll hits you from afar with a +0 spear.
The gnoll attacks as it pursues you!
The gnoll hits you from afar with a +0 spear.
The gnoll attacks as it pursues you!
The gnoll hits you from afar with a +0 spear.
The gnoll attacks as it pursues you!
The gnoll hits you from afar with a +0 spear.
The gnoll attacks as it pursues you!
The gnoll hits you from afar with a +0 spear.
* * * LOW HITPOINT WARNING * * *
The gnoll hits you with a +0 spear.
* * * LOW HITPOINT WARNING * * *
The gnoll hits you from afar with a +0 spear.
* * * LOW HITPOINT WARNING * * *
The gnoll attacks as it pursues you!
The gnoll hits you from afar with a +0 spear.
* * * LOW HITPOINT WARNING * * *
The gnoll attacks as it pursues you!
The gnoll hits you from afar with a +0 spear!
You die...

#......#.#...#.#.....†...########
#...#...#.....#...#......'...#..#
.....#..#.....#..#.......###.#..#
..#...###.....###...#....# #.#..#
.g.#..#..#...#..#..#...÷.# #.#..#
....###...#.#...###......# #.#..#
...#...#...#...#...#.....# #.#..#
..#..÷..#..#..#.....#....###'#..#
#........#####..@.......<........
..#.....#..#..#.....#.#####.....#
#.g#...#...#).g#...#..# #.'.....#
....###...#.#...###...###.#......
#.g#..#..#..g#..#..#......#....##
..#...###.....###...#...###....#
#....#..#.g...#..#.....## #....#
#...#g..#g....#...#...## ##'###
.......#.#...#.#......# #.####


You could see 4 gnolls.

Vanquished Creatures
  A gnoll (D:1)
  4 adders (D:2)
  A ribbon worm (D:2)
  A dart slug (D:1)
  6 ball pythons
  2 endoplasms (D:2)
  A goblin (D:1)
  3 hobgoblins
  2 jackals (D:1)
  5 kobolds
  2 quokkas (D:2)
  3 bats (D:1)
  3 frilled lizards
  4 rats
38 creatures vanquished.

Notes
Turn   | Place    | Note
-------+----------+-------------------------------------------
     0 | D:1      | greenreed the Oni Monk began the quest for the Orb.
     0 | D:1      | Reached XP level 1. HP: 24/24 MP: 1/1
   213 | D:1      | Reached XP level 2. HP: 15/33 MP: 2/2
   379 | D:1      | Found Enkood's Antique Armour Boutique.
   390 | D:1      | Reached XP level 3. HP: 37/40 MP: 3/3
   853 | D:2      | Reached skill level 5 in Fighting
   976 | D:2      | Reached XP level 4. HP: 49/50 MP: 4/4
  1313 | D:2      | Slain by a gnoll

Illustrated notes

Levels and vault maps discovered:
D:1:      lemuel_arrival_hallway, layout_loops_ring, serial_shops,
          nicolae_shop_advertising_works [nicolae_subvault_shop_adworks],
          chequers_serial_rivers_micro_a
D:2:      layout_basic, minmay_splitting_lines, kennysheep_generic_room_16

Skill      XL: |  1  2  3  4 |
---------------+-------------+-----
Dodging        | 3 |  3.2
Fighting       | 5 |  5.2
Maces & Flails | 4 |  4.0

Action                     |  1- 3 |  4- 6 || total
---------------------------+-------+-------++-------
  Melee: Whip              |    62 |    24 ||    86
         Mace              |     2 |       ||     2
         Headbutt          |    11 |     9 ||    20
 Armour: Robe              |    34 |    21 ||    55
  Dodge: Dodged            |    37 |     9 ||    46

Table legend: (Time is in decaauts)
 A = Elapsed time spent in this place.
 B = Non-inter-level travel time spent in this place.
 C = Inter-level travel time spent in this place.
 D = Time resting spent in this place.
 E = Time spent auto-exploring this place.
 F = Levels seen in this place.
 G = Mean time per level.
                   A        B        C        D        E       F      G
               +--------+--------+--------+--------+--------+-----+--------+
         Total |   1305 |   1265 |     40 |      0 |   1008 |   2 |  652.5 |
       Dungeon |   1305 |   1265 |     40 |      0 |   1008 |   2 |  652.5 |
               +--------+--------+--------+--------+--------+-----+--------+

Top non-repeatable levels by time:
     D:1: 741 daAuts
     D:2: 564 daAuts
